 Dungeon Crawl Stone Soup version 0.21-a0-265-gb353147 (webtiles) character file.

53 roguesci the Ruffian (level 3, -1/48 HPs)
             Began as a Naga Transmuter on Sept 10, 2017.
             Was an Initiate of Cheibriados.
             Slain by an ooze (4 damage)
             ... on level 2 of the Dungeon.
             The game lasted 00:05:09 (1989 turns).

roguesci the Ruffian (Naga Transmuter)              Turns: 1989, Time: 00:05:10

Health: -1/48      AC:  2    Str: 18    XL:     3   Next: 87%
Magic:  4/6        EV: 15    Int: 15    God:    Cheibriados [......]
Gold:   118        SH:  0    Dex: 17    Spells: 2/6 levels left

rFire    + . .     SeeInvis +   k - +2 dagger (venom)
rCold    + . .     Gourm    .   (no shield)
rNeg     + . .     Faith    .   b - +0 robe
rPois    +         Spirit   .   (no helmet)
rElec    +         Reflect  .   (no cloak)
rCorr    +         Harm     .   (no gloves)
MR       .....                  (no barding)
Stlth    ..........             (no amulet)
HPRegen  0.16/turn              r - ring of positive energy
MPRegen  0.10/turn              p - ring of flight

@: agile, berserking, lethally poisoned (-1 -> -2), resistant, hasted, slow
A: see invisible, deformed body, poison resistance, slowness 2, slow metabolism
1, spit poison 1, AC +1
a: Spit Poison, Bend Time, Renounce Religion, Evoke Flight


You were on level 2 of the Dungeon.
You worshipped Cheibriados.
Cheibriados was noncommittal.
You were not hungry.

You visited 1 branch of the dungeon, and saw 2 of its levels.

You collected 118 gold pieces.

Inventory:

Hand Weapons
 k - a +2 dagger of venom (weapon)
 l - a +0 dagger of flaming
Missiles
 a - 12 arrows
 e - 88 stones (quivered)
Armour
 b - a +0 robe (worn)
Jewellery
 m - an uncursed ring of ice
 p - a ring of flight (right hand)
 r - a ring of positive energy (left hand)
 t - an uncursed ring of ice
Scrolls
 g - a scroll of fear
 o - a scroll of immolation {unknown}
 u - a scroll of enchant armour {unknown}
 v - a scroll of amnesia {unknown}
 x - a scroll of blinking {unknown}
Potions
 n - a potion of curing {unknown}
 s - a potion of haste
 w - a potion of brilliance {unknown}
 z - a potion of might {unknown}
Books
 c - a book of Changes

   Spells                             Type                      Level
   a - Beastly Appendage              Transmutation                1
   b - Sticks to Snakes               Transmutation                2
   c - Spider Form                    Transmutation/Poison         3
   d - Ice Form                       Ice/Transmutation            4
   e - Blade Hands                    Transmutation                5
Comestibles
 d - 2 bread rations
 h - 2 meat rations
 q - 3 chunks of flesh


   Skills:
 + Level 1.9 Fighting
 + Level 0.2 Armour
 + Level 1.9 Dodging
 + Level 1.2 Stealth
 + Level 3.2 Unarmed Combat
 + Level 2.2 Spellcasting
 * Level 2.4 Transmutations
 * Level 0.6 Poison Magic


You had 2 spell levels left.
You knew the following spells:

 Your Spells              Type           Power        Failure   Level  Hunger
a - Beastly Appendage     Tmut           #.....       9%          1    #......
b - Spider Form           Tmut/Pois      #.........   34%         3    ###....


Dungeon Overview and Level Annotations

Branches:
Dungeon (2/15)

Altars:
Cheibriados
Fedhas


Innate Abilities, Weirdness & Mutations

You cannot wear boots.
Your serpentine skin is tough. (AC +1)
You have supernaturally acute eyesight. (SInv)
Armour fits poorly on your strangely shaped body.
Your system is resistant to poisons. (rPois)
You cover ground very slowly.
You have a slow metabolism.
You can spit poison.


Message History

Cheibriados forgives your accidental hurry, just this once.
You feel sick. The adder barely misses you. The ooze barely misses you.
The adder closely misses you.
It was a potion of resistance.
You feel protected. The adder bites you.
* * * LOW HITPOINT WARNING * * *
It was a potion of agility.
You feel agile all of a sudden. The adder bites you but does no damage.
It was a potion of berserk rage.
A red film seems to cover your vision as you go berserk!
Cheibriados protects you from inadvertent hurry.
You feel mighty!
You feel sick. The adder barely misses you.
You puncture the adder!
You kill the adder!
Cheibriados appreciates the change of pace.
You are too berserk!
The ooze misses you. The ooze hits you.
You die...

........# +...'...รท...#
........# #...#.......#
........# #...##.....##
........# #...###...##
........# #### #...# #####
..#...#.###...# #...###...##
####>##.##.....##...##)....##
#.##.#.......#...#.......#
#..#.#..!...J@...'.......#
##.#.#.......#...#.......#
#...##.....##...##.....##
##...##...##....###...##
#....#####.......#####
##..#..........### ##
#####.#.#.........#
.###.....#.........#...
.##.....................


You could see an ooze.

Vanquished Creatures
  An adder (D:2)
  An ooze (D:1)
  A worm (D:2)
  2 dart slugs (D:1)
  A leopard gecko (D:1)
  8 goblins
  2 hobgoblins (D:1)
  2 jackals (D:2)
  A quokka (D:2)
  3 bats
  3 frilled lizards (D:1)
  A jackal skeleton (D:2)
  A kobold (D:1)
  5 rats
32 creatures vanquished.

Notes
Turn   | Place    | Note
-------+----------+-------------------------------------------
     0 | D:1      | roguesci the Naga Transmuter began the quest for the Orb.
     0 | D:1      | Reached XP level 1. HP: 18/18 MP: 3/3
   563 | D:1      | Reached XP level 2. HP: 24/25 MP: 3/5
  1372 | D:1      | Reached skill level 1 in Stealth
  1461 | D:1      | Reached XP level 3. HP: 27/32 MP: 6/6
  1466 | D:1      | Learned a level 3 spell: Spider Form
  1679 | D:2      | Found a blossoming altar of Fedhas.
  1902 | D:2      | Found a snail-covered altar of Cheibriados.
  1910 | D:2      | Became a worshipper of Cheibriados the Contemplative
  1989 | D:2      | Slain by an ooze

Vault maps used:
D:1:      matt_arrival_refuge, minmay_pentomino_q4
D:2:      kennysheep_six_static_rooms, old_standard_altar,
          nicolae_overflow_crystal_walls

Skill      XL: |  1  2 |
---------------+-------+-----
Stealth        | 1 |  1.2
Fighting       | |  1.9
Armour         | |  0.2
Dodging        | |  1.9
Unarmed Combat | |  3.2
Spellcasting   | |  2.2
Transmutations | |  2.4
Poison Magic   | |  0.6

Action                   || total
-------------------------++-------
Melee: Unarmed           ||    28
       Headbutt          ||     2
       Dagger            ||    66
       Punch             ||     3
Throw: Stone             ||     2
 Cast: Beastly Appendage ||     4
       Spider Form       ||     1
  Use: Potion            ||     4
       Scroll            ||     1
 Stab: Sleeping          ||     4
  Eat: Chunk             ||     2
Armor: Robe              ||    20
       Skin              ||     1
Dodge: Dodged            ||    56

Table legend:
 A = Spawn XP
 B = Non-spawn XP
 C = Spawn XP percentage of total XP
 D = Spawn monster count
 E = Non-spawn monster count
 F = Spawn count percentage of total count
 G = Total turns spent on level
                    A         B        C        D         E        F      G
               +---------+---------+-------+---------+---------+-------+---------
         Total |       0 |      76 |   0.0 |       0 |      32 |   0.0 |  1989
               +---------+---------+-------+---------+---------+-------+---------
           D:1 |       0 |      43 |   0.0 |       0 |      21 |   0.0 |  1666
           D:2 |       0 |      33 |   0.0 |       0 |      11 |   0.0 |   323
               +---------+---------+-------+---------+---------+-------+---------
